cohdb
Replays
Latest Replays
All Replays
Popular Replays
Top Player Replays
Match Explorer
How It Works
Community
CoH3 Stats
Reddit
Sign in to upload your games and track your stats! →
Sign in with Steam
Match 36654785
Unlisted
Match 36654785
Overview
Messages
Build Orders
End
Kradschützen Motorcycle Team
250 Light Carrier
Selects Armored Support Battlegroup
Panzergrenadier Squad
Construct Light Support Kompanie
250 Light Carrier
Combat Half-tracks
Selects Superior Fire Drills
MG34 Team
Fire Support Elements
Panzerjäger Mechanized Group
Pak 38 Anti-tank Gun Team
Construct Panzerarmee Kommand
Walking Stuka Rocket Launcher
Assault Mechanized Group
Panzer III L Medium Tank
Selects Flammpanzer III Medium Tank
MG34 Team
Flammpanzer III Medium Tank
Selects Vehicle Awareness
Selects Panzer Storm
Panzer III L Medium Tank
Flammpanzer III Medium Tank
Rapid Advance
Panzer III L Medium Tank
Panzer Storm
Armored Reserves
Selects Stuka Dive Bomb
Stuka Dive Bomb
(●'◡'●)
五星上将-麦克阿瑟
SezearIQ
Mammut
MonoChrome
沒有未來的未來不是我想要的未來
0
0
Comments
sign in to comment!
No comments posted yet!